 Dungeon Crawl Stone Soup version 0.21.0 (webtiles) character file.

110 MovingMist the Covered (level 4, -4/29 HPs)
             Began as a Gargoyle Fighter on Jan 7, 2018.
             Slain by MovingMist's ghost (14 damage)
             ... on level 3 of the Dungeon.
             The game lasted 00:03:46 (2489 turns).

MovingMist the Covered (Gargoyle Fighter)           Turns: 2489, Time: 00:03:46

Health: -4/29      AC: 11    Str: 24    XL:     4   Next: 91%
Magic:  4/4        EV:  8    Int:  9    God:
Gold:   164        SH:  9    Dex: 10    Spells: 3/3 levels left

rFire    x . .     SeeInvis .   a - +0 war axe
rCold    + . .     Gourm    .   c - +0 shield
rNeg     + . .     Faith    .   b - +0 scale mail
rPois    ∞         Spirit   .   (no helmet)
rElec    +         Reflect  .   (no cloak)
rCorr    .         Harm     .   s - +0 pair of gloves
MR       .....                  (no boots)
Stlth    ..........             (no amulet)
HPRegen  0.09/turn              u - ring of ice
MPRegen  0.09/turn              (no ring)

@: mighty
A: negative energy resistance 1, electricity resistance, unbreathing,
petrification resistance, rot immunity, AC +3
a: no special abilities


You were on level 3 of the Dungeon.
You were not hungry.

You visited 1 branch of the dungeon, and saw 3 of its levels.

You collected 164 gold pieces.

Inventory:

Hand Weapons
 a - a +0 war axe (weapon)
Armour
 b - a +0 scale mail (worn)
 c - a +0 shield (worn)
 s - a +0 pair of gloves (worn)
Jewellery
 u - a ring of ice (left hand)
Scrolls
 e - 3 scrolls of teleportation {unknown}
 h - 6 scrolls of identify {unknown}
 l - 2 scrolls of fog {unknown}
 m - a scroll of random uselessness {unknown}
 n - a scroll of remove curse {unknown}
 o - a scroll of enchant armour {unknown}
 t - a scroll of noise {unknown}
 v - a scroll of enchant weapon {unknown}
Potions
 i - 3 potions of curing {unknown}
 j - a potion of brilliance {unknown}
 k - 2 potions of heal wounds {unknown}
 p - a potion of haste {unknown}
 q - 2 potions of agility {unknown}
 r - a potion of resistance {unknown}
Comestibles
 f - 7 rations
 g - 3 chunks of flesh


   Skills:
 + Level 3.9 Fighting
 + Level 2.5 Axes
 + Level 3.9 Armour
 * Level 2.1 Dodging
 - Level 3.2 Shields


You had 3 spell levels left.
You didn't know any spells.

Dungeon Overview and Level Annotations

Branches:
Dungeon (3/15)

Altars:
Dithmenos
Gozag
Kikubaaqudgha
Qazlal
Wu Jian
Yredelemnul

Annotations:
D:3 MovingMist's ghost, amateur HOFi


Innate Abilities, Weirdness & Mutations

You are resistant to torment.
Your stone body is resilient. (AC +3)
You are immune to poison.
You resist negative energy. (rN+)
You are resistant to electric shocks. (rElec)
You can survive without breathing.
You are immune to petrification.
You are immune to rotting.


Message History

There are monsters nearby!
Press: ? - help, v - describe, . - travel The floor.
MovingMist's ghost boasts, "I have defeated monsters you have never seen."
A bat comes into view.
You hit MovingMist's ghost but do no damage.
MovingMist's ghost hits you! You block MovingMist's ghost's attack.
You hit MovingMist's ghost.
MovingMist's ghost is lightly damaged.
MovingMist's ghost hits you!
An adder comes into view.
The adder hisses angrily.
You hit MovingMist's ghost but do no damage.
MovingMist's ghost is lightly damaged.
MovingMist's ghost barely misses you.
MovingMist's ghost hits you but does no damage.
Sorry, you're not good enough to have a special ability.
You feel very mighty all of a sudden. MovingMist's ghost hits you!
You die...

..### # #.... ..
#.##.# #......#
#......# #>.#
..###..##...
#..###..#..###..#
##...##.....##...#
#.................
#@.##.........##..
#W####..._...####.
#Jb##.........##..
#.................
#S†..##.....##....
#...###..#..###.##
#...##..###..##.#
#.......# #.....#
......#.. ....#.#


You could see MovingMist's ghost, an ooze, an adder and a bat.

Vanquished Creatures
  Jessica (D:2)
  2 adders (D:2)
  2 worms
  3 dart slugs
  3 leopard geckos
  A bat zombie (D:1)
  5 giant cockroaches
  5 goblins
  4 hobgoblins
  4 jackals (D:1)
  3 kobolds
  A quokka (D:2)
  A ball python zombie (D:1)
  6 bats
  4 frilled lizards
  5 rats
  A spectral orc (D:2)
51 creatures vanquished.

Notes
Turn   | Place    | Note
-------+----------+-------------------------------------------
     0 | D:1      | MovingMist the Gargoyle Fighter began the quest for the Orb.
     0 | D:1      | Reached XP level 1. HP: 14/14 MP: 1/1
   183 | D:1      | Reached XP level 2. HP: 18/19 MP: 2/2
   789 | D:1      | Reached skill level 1 in Dodging
  1054 | D:2      | Noticed Jessica
  1057 | D:2      | Killed Jessica
  1057 | D:2      | Reached XP level 3. HP: 24/24 MP: 3/3
  1121 | D:2      | Reached XP level 4. HP: 29/29 MP: 4/4
  1695 | D:2      | Found a basalt altar of Yredelemnul.
  1872 | D:2      | Found a stormy altar of Qazlal.
  1872 | D:2      | Found an ornate altar of the Wu Jian Council.
  2106 | D:2      | Found an opulent altar of Gozag.
  2106 | D:2      | Found an ancient bone altar of Kikubaaqudgha.
  2403 | D:3      | Noticed a big kobold
  2458 | D:3      | Found a shadowy altar of Dithmenos.
  2476 | D:3      | Noticed MovingMist's ghost (amateur HOFi)
  2489 | D:3      | Slain by MovingMist's ghost

Skill      XL: |  1  2  3  4 |
---------------+-------------+-----
Axes           | 2 |  2.5
Dodging        | 1 2 |  2.1
Fighting       | |  3.9
Armour         | |  3.9
Shields        | |  3.2

Action                   |  1- 3 |  4- 6 || total
-------------------------+-------+-------++-------
Melee: War axe           |    88 |   117 ||   205
  Use: Potion            |       |     1 ||     1
  Eat: Chunk             |     1 |     4 ||     5
Armor: Scale mail        |    68 |    71 ||   139
Dodge: Dodged            |    28 |    35 ||    63
Block: Shield            |    60 |    64 ||   124
